Map: Dead of Night

Players

monk

  • Race: Terran Terran
  • Spawn Location: 0:00

sTkmonk

  • Race: Terran Terran
  • Spawn Location: 0:00

VOD

Have the link to the VOD?

Description

Time

  • Played on: Sept. 22, 2017, 7:30 p.m.
  • Length: 21:35
Show
View Real Time Build Order
Export as new Build Order

monk Terran 

Build Orders:  

Get SALT Encoding   

  12  0:06  SCV  
  13  0:23  SCV  
  13  0:26  Supply Depot  
  5  0:40  SCV  
  15  0:48  Refinery  
  15  0:59  Refinery, SCV  
  16  1:15  Refinery  
  16  1:16  SCV  
  17  1:33  SCV  
  19  1:50  SCV  
  19  2:07  SCV  
  20  2:24  SCV  
  22  2:41  SCV  
  22  2:42  Supply Depot  
  22  2:47  Factory  
  22  2:58  SCV  
  23  3:15  SCV  
  25  3:32  SCV  
  25  3:38  Factory Tech Reactor  
  25  3:42  Armory, Supply Depot  
  25  3:49  SCV  
  26  4:06  SCV  
  27  4:18  Siege Tank x2  
  33  4:22  Supply Depot  
  33  4:23  SCV  
  35  4:40  SCV  
  35  4:54  Siege Tank x2  
  35  4:57  SCV  
  42  5:07  Upgrade Laser Drill Level 1  
  42  5:14  SCV  
  43  5:22  Maelstrom Rounds  
  44  5:31  SCV  
  44  5:36  Starport  
  43  5:48  Supply Depot, SCV  
  44  5:57  Supply Depot  
  44  6:05  SCV  
  45  6:18  Siege Tank  
  49  6:20  Siege Tank  
  49  6:21  SCV  
  52  6:32  Starport Tech Reactor, Supply Depot  
  52  6:38  SCV  
  53  6:55  SCV  
  53  6:59  Siege Tank  
  57  7:00  Siege Tank  
  57  7:06  Hercules  
  63  7:13  SCV  
  63  7:16  Terran Vehicle and Ship Weapons Level 1  
  64  7:29  SCV  
  65  7:31  Supply Depot  
  65  7:46  SCV  
  66  7:57  Science Vessel  
  66  7:59  Improved Nano-Repair  
  69  8:10  SCV  
  69  8:14  Supply Depot  
  69  8:23  Upgrade Laser Drill Level 2  
  69  8:27  SCV  
  73  8:43  Siege Tank  
  73  8:44  SCV  
  73  8:45  Supply Depot  
  77  9:07  Science Vessel  
  76  9:28  SCV  
  77  9:33  Siege Tank  
  77  9:34  Siege Tank  
  83  9:44  Perdition Turret  
  83  9:46  Perdition Turret  
  83  9:48  Perdition Turret  
  83  9:52  Perdition Turret  
  83  9:59  Supply Depot  
  83  10:00  Terran Vehicle and Ship Weapons Level 2  
  83  10:09  Hercules  
  86  10:18  SCV  
  87  10:35  SCV, Siege Tank  
  91  10:45  Perdition Turret  
  91  10:57  Siege Tank  
  94  11:09  Perdition Turret  
  94  11:15  Siege Tank  
  97  11:23  Perdition Turret x3  
  97  11:24  Perdition Turret  
  97  11:33  Perdition Turret, Siege Tank  
  100  11:43  SCV  
  100  11:45  Perdition Turret x3  
  101  11:56  Supply Depot  
  101  11:57  Perdition Turret  
  101  11:58  Supply Depot x2  
  101  11:59  Perdition Turret x2  
  102  12:00  Supply Depot, SCV  
  102  12:12  Perdition Turret x2  
  102  12:20  Perdition Turret x2  
  102  12:21  Perdition Turret  
  102  12:26  Siege Tank x2  
  102  12:29  Perdition Turret x2  
  108  12:41  Hercules  
  108  12:47  Supply Depot x2  
  111  12:57  Perdition Turret  
  111  12:58  Perdition Turret  
  111  13:00  Perdition Turret  
  111  13:02  Siege Tank x2  
  111  13:06  Perdition Turret  
  111  13:07  Perdition Turret  
  111  13:09  Perdition Turret  
  117  13:10  Perdition Turret  
  117  13:11  Perdition Turret  
  117  13:12  Perdition Turret  
  117  13:13  Perdition Turret  
  117  13:14  Perdition Turret  
  117  13:17  Perdition Turret  
  117  13:18  Perdition Turret  
  117  13:19  Perdition Turret  
  117  13:20  Perdition Turret  
  117  13:23  Perdition Turret, Terran Vehicle and Ship Weapons Level 3  
  117  13:27  Perdition Turret  
  117  13:28  Supply Depot  
  117  13:29  Supply Depot  
  117  13:44  Siege Tank  
  117  13:47  Perdition Turret  
  117  13:48  Perdition Turret x2  
  120  13:56  Siege Tank  
  120  13:57  Perdition Turret  
  120  13:58  Perdition Turret  
  123  14:18  Perdition Turret x2  
  123  14:20  Perdition Turret, Siege Tank  
  123  14:21  Perdition Turret  
  125  14:35  Perdition Turret  
  125  14:42  Siege Tank  
  125  14:46  Supply Depot  
  125  15:06  Siege Tank  
  125  15:15  Supply Depot  
  122  15:36  Siege Tank  
  129  15:42  SCV  
  129  15:56  Siege Tank  
  129  15:59  SCV  
  133  16:17  Siege Tank  
  136  16:39  Siege Tank  
  138  16:51  SCV  
  136  17:08  SCV  
  137  17:16  Siege Tank  
  137  17:17  Siege Tank  
  143  17:46  SCV  
  144  18:03  Siege Tank x2  
  144  18:06  Siege Tank  
  150  18:11  Devastation Turret  
  150  18:12  Devastation Turret  
  150  18:13  Devastation Turret  
  150  18:14  Devastation Turret  
  150  18:15  SCV  
  150  18:17  Devastation Turret  
  148  18:21  Devastation Turret  
  148  18:25  Devastation Turret  
  148  18:26  Devastation Turret  
  149  18:32  SCV  
  149  18:38  Siege Tank  
  149  18:39  Siege Tank  
  151  18:43  Devastation Turret  
  151  18:49  Siege Tank  
  150  19:25  Perdition Turret x3  
  150  19:33  Siege Tank  
  150  19:47  Perdition Turret x2  
  148  19:52  Perdition Turret  
  148  19:53  Perdition Turret  
  148  19:54  Perdition Turret  
  148  19:58  Perdition Turret  
  148  20:04  Perdition Turret  
  148  20:07  Siege Tank  
  122  20:10  Perdition Turret  
  122  20:11  Hercules  
  122  20:16  Perdition Turret x2  
  122  20:18  Perdition Turret  
  109  20:22  Perdition Turret  
  109  20:23  Perdition Turret  
  102  20:36  Perdition Turret  
  102  20:37  Perdition Turret  
  102  20:38  Perdition Turret  
  102  20:40  Perdition Turret  
  102  20:48  Perdition Turret x2  
  86  20:50  Perdition Turret  
  86  20:56  Perdition Turret  
  81  21:02  Perdition Turret  
  81  21:06  Perdition Turret  
Show
View Real Time Build Order
Export as new Build Order

sTkmonk Terran 

Build Orders:  

Get SALT Encoding   

Tags
 
Commander
RaynorSwann
Matchup
Co-op
Replay Pack
Co-op Speedrun
Add a new tag
Caveats
  • Supply blocks, unpowered buildings, or Contaminate may cause inaccurate times.
  • Supply counts are checked every 10 seconds.